 Dungeon Crawl Stone Soup version 0.29.0-15-g675c0067aa (webtiles) character file.

Game seed: 5059967401408886983

44 Tsarbomb the Chopper (level 3, -1/31 HPs)
             Began as a Hill Orc Fighter on Sept 11, 2022.
             Slain by Terence
             ... wielding a +1 mace of protection
              (3 damage)
             ... on level 2 of the Dungeon.
             The game lasted 00:02:36 (1465 turns).

Tsarbomb the Chopper (Hill Orc Fighter)             Turns: 1465, Time: 00:02:36

Health: -1/31      AC:  6    Str: 20    XL:     3   Next: 60%
Magic:  3/3        EV:  9    Int:  8    God:
Gold:   75         SH:  4    Dex: 10    Spells: 2/2 levels left

rFire   . . .      SeeInvis .   i - +1 whip (venom)
rCold   . . .      Faith    .   c - +0 buckler
rNeg    . . .      Spirit   .   b - +0 scale mail
rPois   .          Reflect  .   (no helmet)
rElec   .          Harm     .   (no cloak)
rCorr   .          Rampage  .   (no gloves)
Will    .....                   (no boots)
Stlth   ..........              (no amulet)
HPRegen 0.10/turn               (no ring)
MPRegen 0.08/turn               (no ring)

@: mighty
A: no striking features
a: no special abilities


You were on level 2 of the Dungeon.
You visited 1 branch of the dungeon, and saw 2 of its levels.

You collected 75 gold pieces.

Inventory:

Hand Weapons
 a - a +0 war axe
 i - a +1 whip of venom (weapon)
Armour
 b - a +0 scale mail (worn)
 c - a +0 buckler (worn)
Scrolls
 e - a scroll of amnesia {unknown}
 f - 2 scrolls of teleportation {unknown}
 g - 3 scrolls of torment {unknown}
 h - a scroll of identify {unknown}


   Skills:
 - Level 3.6 Fighting
 + Level 5.2 Axes
 - Level 3.2 Armour
 - Level 3.2 Shields


You had 2 spell levels left.
You didn't know any spells.
Your spell library contained the following spells:

 Spells                   Type           Power      Damage    Failure   Level
 Sublimation of Blood     Necr           0%         N/A       94%         2
 Wereblood                Tmut           0%         N/A       94%         2
 Summon Hydra             Summ           0%         N/A       100%        7


Dungeon Overview and Level Annotations

Branches:
Dungeon (2/15)

Altars:

Annotations:
D:2 Terence


Message History

There is a stone staircase leading up here.
The hobgoblin shoots a sling bullet.
The sling bullet barely misses you.
The hobgoblin shoots a sling bullet.
The sling bullet barely misses you.
The hobgoblin shoots a sling bullet.
The sling bullet hits you but does no damage.
Terence zaps a wand.
The puff of flame hits you.
The hobgoblin unwields a +0 sling.
The hobgoblin wields a +0 dagger.
The hobgoblin hits you but does no damage.
You hit the dart slug.
The dart slug is lightly wounded.
Terence zaps a wand.
The puff of flame hits you! You block the hobgoblin's attack.
You hit the dart slug.
The dart slug is poisoned.
The dart slug is heavily wounded.
You kill the dart slug!
The hobgoblin hits you with a +0 dagger.
You hit the hobgoblin.
The hobgoblin is poisoned.
The hobgoblin is heavily wounded.
The hobgoblin hits you but does no damage.
You barely miss the hobgoblin.
The hobgoblin is severely wounded.
The hobgoblin hits you with a +0 dagger.
The hobgoblin attacks as you move away! The hobgoblin barely misses you.
You kill the hobgoblin!
Terence zaps a wand.
The puff of flame hits you!
* * * LOW HITPOINT WARNING * * *
There is a stone staircase leading up here.
You feel very mighty all of a sudden.
Terence hits you with a +1 mace of protection.
* * * LOW HITPOINT WARNING * * *
You completely miss Terence.
Terence zaps a wand.
The puff of flame hits you.
* * * LOW HITPOINT WARNING * * *
You barely miss Terence. You block Terence's attack.
You hit Terence but do no damage.
Terence is poisoned.
Terence hits you with a +1 mace of protection.
* * * LOW HITPOINT WARNING * * *
You completely miss Terence.
Terence is lightly wounded.
Terence hits you with a +1 mace of protection.
You die...

.....#.................##
?.......................#
........................#
................).......#
........................#
#.#................#
#..................#
##.......@......##
#......#@.....##
##.#.#.#......#
###...#.#......#
...............#
###...##......#
#####...........#
#........#......#
#........#......#
#######........#......#


You could see Terence (very poisoned).

Vanquished Creatures
  A dart slug (D:2)
  5 bats
  6 endoplasms
  2 giant cockroaches (D:1)
  3 goblins (D:1)
  4 hobgoblins
  2 quokkas (D:1)
  2 ball pythons
  3 frilled lizards (D:1)
  6 kobolds
  2 rats
36 creatures vanquished.

Notes
Turn   | Place    | Note
-------+----------+-------------------------------------------
     0 | D:1      | Tsarbomb the Hill Orc Fighter began the quest for the Orb.
     0 | D:1      | Reached XP level 1. HP: 19/19 MP: 1/1
    11 | D:1      | Reached skill level 3 in Axes
   152 | D:1      | Reached XP level 2. HP: 25/26 MP: 2/2
   172 | D:1      | Reached skill level 4 in Axes
   554 | D:1      | Reached XP level 3. HP: 31/31 MP: 3/3
  1206 | D:2      | Reached skill level 5 in Axes
  1247 | D:2      | Noticed Terence
  1465 | D:2      | Slain by Terence

Illustrated notes

Levels and vault maps discovered:
D:1:      onia_arrival_pyramid, layout_basic
D:2:      layout_rooms, uniq_terence

Skill      XL: |  1  2  3 |
---------------+----------+-----
Axes           | 3 4 5 |  5.2
Fighting       | |  3.6
Armour         | |  3.2
Shields        | |  3.2

Action                   || total
-------------------------++-------
Melee: War axe           ||    74
       Whip              ||     8
  Use: Potion            ||     1
Armor: Scale mail        ||    41
Dodge: Dodged            ||    46
Block: Buckler           ||    18
